 Dungeon Crawl Stone Soup version 0.17-a0-2073-gde5cdba (webtiles) character file.

13542 pk666 the Cleaver (level 11, -6/111 HPs)
             Began as a Minotaur Berserker on Oct 14, 2015.
             Was a High Priest of Trog.
             Splashed by an oklob plant's acid (16 damage)
             ... on level 2 of the Lair of Beasts.
             The game lasted 00:38:56 (12008 turns).

pk666 the Cleaver (Minotaur Berserker)             Turns: 12008, Time: 00:38:56

Health: -6/111     AC:  1    Str: 25    XL:     11   Next: 77%
Magic:  10/10      EV: 11    Int:  8    God:    Trog [*****.]
Gold:   824        SH:  0    Dex: 14    Spells: 0 memorised, 10 levels left

rFire  . . .     SeeInvis .     z - +8 war axe "Igaesk" {chop, Int+4 Dex+4}
rCold  + . .     Clarity  +     q - +0 scale mail
rNeg   . . .     SustAt   .     (no shield)
rPois  .         Gourm    .     (helmet restricted)
rElec  .         Spirit   .     (no cloak)
rCorr  .         Warding  .     E - +0 pair of gloves
rMut   .         Stasis   .     (no boots)
MR     .....                    v - amulet of clarity
Stlth  ..........               P - ring of protection from cold
                                (no ring)

@: corroded equipment, not resistant to hostile enchantments, extremely
unstealthy
A: retaliatory headbutt, horns 2
a: Burn Spellbooks, Berserk, Trog's Hand, Brothers in Arms, Renounce Religion


You were on level 2 of the Lair of Beasts.
You worshipped Trog.
Trog was extremely pleased with you.
You were not hungry.

You visited 3 branches of the dungeon, and saw 13 of its levels.

You collected 824 gold pieces.

Inventory:

Hand Weapons
 z - the +8 war axe "Igaesk" (weapon) {chop, Int+4 Dex+4}
   (You found it on level 7 of the Dungeon)

   It inflicts extra damage upon your enemies.
   It affects your intelligence (+4).
   It affects your dexterity (+4).
 J - a +0 executioner's axe
 L - a +2 antimagic battleaxe
Armour
 k - a +0 ring mail
 q - a +0 scale mail (worn)
 E - a +0 pair of gloves (worn)
 F - a +0 plate armour
Jewellery
 o - an uncursed ring of magical power
 v - an amulet of clarity (around neck)
 K - an uncursed ring of magical power
 P - a ring of protection from cold (right hand)
Wands
 d - a wand of magic darts (12)
 j - a wand of fireball (3)
 s - a wand of polymorph (5)
 A - a wand of flame (13)
 O - a wand of fire (5)
Scrolls
 b - 8 scrolls of teleportation
 f - 2 scrolls of enchant weapon {unknown}
 h - a scroll of recharging {unknown}
 i - 8 scrolls of identify
 l - 4 scrolls of remove curse
 p - 2 scrolls of noise {unknown}
 t - a scroll of fear {unknown}
 y - 3 scrolls of amnesia {unknown}
 G - a scroll of magic mapping {unknown}
 M - a scroll of immolation {unknown}
 N - a scroll of enchant armour {unknown}
Potions
 e - 2 potions of agility
 g - 3 potions of curing
 n - a potion of brilliance
 r - a potion of degeneration {unknown}
 w - a potion of cancellation
 x - a potion of haste {unknown}
 B - 2 potions of lignification {unknown}
 D - 2 potions of poison {unknown}
 H - a potion of berserk rage {unknown}
Books
 a - a book of Dreams

   Spells                             Type                      Level
   a - Ensorcelled Hibernation        Hexes/Ice                    2
   b - Phase Shift                    Translocation                5
   c - Shadow Creatures               Summoning                    5
   d - Silence                        Hexes/Air                    5
   e - Darkness                       Hexes                        6
   f - Mass Confusion                 Hexes                        6
   Trog disapproves of the use of such an item.
Comestibles
 c - 7 bread rations
 m - 9 meat rations
 u - 2 royal jellies
 C - 3 chunks of flesh
 I - 5 fruits


   Skills:
 + Level 14.7 Fighting
 * Level 14.9 Axes
 - Level 8.3 Armour
 - Level 2.1 Dodging


You had 10 spell levels left.
You didn't know any spells.

Dungeon Overview and Level Annotations

Branches:
Dungeon (10/15)            Temple (1/1) D:4            Lair (2/8) D:10
    Orc (0/4) D:10

Altars:
Ashenzari
Cheibriados
Dithmenos
Elyvilon
Fedhas
Gozag
Kikubaaqudgha
Makhleb
Nemelex Xobeh
Okawaru
Qazlal
Ru
Sif Muna
Trog
Vehumet
Xom
Yredelemnul
Zin
The Shining One

Shops:
D:5 [

Annotations:
Lair:2 exclusion: 3 oklob plants


Innate Abilities, Weirdness & Mutations

You reflexively headbutt those who attack you in melee.
You have a pair of horns on your head.


Message History

You destroy the plant!
The oklob plant spits acid at you. The splash of acid hits you!
The acid burns!
The oklob plant spits acid at you. The splash of acid hits you!
The acid burns!
You slice the oklob plant!! You headbutt the oklob plant!
The oklob plant is almost destroyed.
The oklob plant spits acid at you. The splash of acid hits you!
The acid burns!
* * * LOW HITPOINT WARNING * * *
The oklob plant spits acid at you. The splash of acid hits you!
* * * LOW HITPOINT WARNING * * *
The acid corrodes you!
The acid burns!
* * * LOW HITPOINT WARNING * * *
The oklob plant spits acid at you. The splash of acid hits you!
* * * LOW HITPOINT WARNING * * *
The acid corrodes you!
The acid burns!
You die...

# ### ##### P##P###
##"$$# ......####
#$P$.# .......#.##
##P..# ##
..........###$$$P###
#.
...........###P..#.#
##.
.........P##...%@.#
#..
........#####.....#
###. ........###
###...# #...
........#.# #..###
#... #.......(#
###.## ##...
#P####...# #...####
##.... ###
##..###......## ###
#.....
##..#........###.##
##.....
#.............P..#
#......


You could see 3 oklob plants.

Vanquished Creatures
  An ice dragon (Lair:2)
  Pikel (D:7)
  A hill giant (D:10)
  A cyclops (D:10)
  Joseph (D:7)
  A black mamba (Lair:1)
  3 komodo dragons (Lair:1)
  2 spiny frogs (Lair:1)
  A troll (D:10)
  3 blink frogs (Lair:2)
  A deep elf mage (D:10)
  A basilisk (Lair:2)
  8 yaks
  4 hippogriffs
  A wyvern (D:10)
  Menkaure (D:7)
  Edmund (D:6)
  4 water moccasins
  4 orc warriors
  2 wasps
  3 phantoms
  A black bear (D:8)
  4 porcupines
  3 sky beasts
  A necrophage (D:10)
  An ice beast (D:9)
  3 ogres
  3 centaurs
  4 crocodiles
  6 giant frogs
  A wyvern skeleton (D:6)
  6 killer bees (D:8)
  4 wights (D:8)
  3 scorpions
  The ghost of Scarn the Caller, a weakling TrSu (D:4)
  3 crimson imps
  A giant frog zombie (D:9)
  10 orc wizards
  A centaur skeleton (D:8)
  A jelly (D:9)
  5 hounds
  7 orc priests
  2 gnoll shamans
  5 iguanas
  7 sheep (Lair:1)
  10 worker ants
  A worker ant zombie (D:3)
  27 gnolls
  25 river rats (Lair:1)
  9 adders
  5 shadow imps
  An ooze (D:5)
  2 adder zombies
  2 adder skeletons
  2 worms (D:3)
  7 giant geckos
  36 orcs
  5 goblins
  5 hobgoblins
  9 jackals
  A ball python (D:1)
  A ball python skeleton (D:4)
  4 bats
  6 giant newts
  6 kobolds
  2 quokkas
  A quokka skeleton (D:3)
  5 rats
  A fungus (Lair:2)
  2 plants (Lair:2)
303 creatures vanquished.

Vanquished Creatures (collateral kills)
  A hydra (D:10)
  A river rat (D:10)
2 creatures vanquished.

Vanquished Creatures (others)
  A crimson imp (D:7)
  An adder (D:7)
  A giant cockroach (D:2)
3 creatures vanquished.

Grand Total: 308 creatures vanquished

Notes
Turn   | Place    | Note
--------------------------------------------------------------
     0 | D:1      | pk666 the Minotaur Berserker began the quest for the Orb.
     0 | D:1      | Reached XP level 1. HP: 19/19 MP: 0/0
   147 | D:1      | Reached XP level 2. HP: 21/27 MP: 1/1
   231 | D:1      | Reached skill level 4 in Axes
   477 | D:1      | Reached XP level 3. HP: 31/33 MP: 2/2
   631 | D:2      | Reached ** piety under Trog
   703 | D:2      | Found an opulent altar of Gozag.
   823 | D:2      | Found a deep blue altar of Sif Muna.
   824 | D:2      | Found a snail-covered altar of Cheibriados.
   843 | D:2      | Found a stormy altar of Qazlal.
  1183 | D:3      | Reached XP level 4. HP: 33/41 MP: 3/3
  1646 | D:3      | Reached skill level 5 in Fighting
  1892 | D:3      | Reached XP level 5. HP: 41/48 MP: 4/4
  1975 | D:4      | Reached skill level 5 in Axes
  2053 | D:4      | Found a staircase to the Ecumenical Temple.
  2077 | D:4      | Reached *** piety under Trog
  2093 | Temple   | Entered the Ecumenical Temple
  2196 | D:4      | Noticed a phantom
  2232 | D:4      | Killed a phantom
  2232 | D:4      | Reached XP level 6. HP: 17/56 MP: 5/5
  2254 | D:4      | Noticed Scarn's ghost (weakling TrSu)
  2548 | D:4      | Reached skill level 5 in Armour
  2708 | D:4      | Reached skill level 6 in Fighting
  3037 | D:4      | Found a white marble altar of Elyvilon.
  3073 | D:4      | Killed Scarn's ghost
  3393 | D:5      | Entered Level 5 of the Dungeon
  3461 | D:5      | Found Dyma's Antique Armour Shop.
  3500 | D:5      | Reached XP level 7. HP: 61/64 MP: 6/6
  3702 | D:5      | Found a shadowy altar of Dithmenos.
  3788 | D:5      | Reached skill level 7 in Fighting
  3885 | D:5      | Noticed a water moccasin
  3905 | D:5      | HP: 1/66 [water moccasin (8)]
  3910 | D:5      | Killed a water moccasin
  4385 | D:5      | Reached **** piety under Trog
  4436 | D:6      | Found a glowing golden altar of the Shining One.
  4449 | D:6      | Reached XP level 8. HP: 67/73 MP: 7/7
  4555 | D:6      | Reached skill level 8 in Fighting
  4638 | D:6      | Noticed Edmund
  4833 | D:6      | Killed Edmund
  5365 | D:6      | Found a basalt altar of Yredelemnul.
  5593 | D:7      | Reached skill level 9 in Fighting
  5602 | D:7      | Reached XP level 9. HP: 74/83 MP: 8/8
  5613 | D:7      | Reached ***** piety under Trog
  5899 | D:7      | Noticed Menkaure
  5904 | D:7      | Killed Menkaure
  6113 | D:7      | Noticed Joseph
  6131 | D:7      | Killed Joseph
  6131 | D:7      | Reached skill level 10 in Fighting
  6224 | D:7      | Got a pitted war axe
  6233 | D:7      | Identified the +8 war axe "Igaesk" {chop, Int+4 Dex+4} (You found it on level 7 of the Dungeon)
  6270 | D:7      | Reached skill level 10 in Axes
  6355 | D:7      | Noticed Pikel
  6367 | D:7      | Killed Pikel
  6367 | D:7      | Reached skill level 11 in Fighting
  6753 | D:8      | Received a gift from Trog
  6753 | D:8      | Reached XP level 10. HP: 96/96 MP: 9/9
  7720 | D:9      | Reached skill level 12 in Fighting
  7806 | D:9      | Found a shimmering altar of Xom.
  7810 | D:9      | Found an ancient bone altar of Kikubaaqudgha.
  8099 | D:10     | Entered Level 10 of the Dungeon
  8430 | D:10     | Noticed a cyclops
  8438 | D:10     | Killed a cyclops
  8587 | D:10     | Found a staircase to the Orcish Mines.
  8797 | D:10     | Found a staircase to the Lair.
  8901 | D:10     | Received a gift from Trog
  9140 | D:10     | Noticed a hill giant
  9146 | D:10     | Killed a hill giant
  9146 | D:10     | Reached skill level 13 in Fighting
  9369 | Lair:1   | Entered Level 1 of the Lair of Beasts
  9506 | Lair:1   | Noticed an eight-headed hydra
  9559 | D:10     | Killed a ten-headed hydra
  9559 | D:10     | Reached XP level 11. HP: 19/107 MP: 10/10
 10673 | Lair:1   | Noticed a black mamba
 10682 | Lair:1   | Killed a black mamba
 10682 | Lair:1   | Reached skill level 14 in Fighting
 11543 | Lair:2   | Noticed a seven-headed hydra
 11545 | Lair:2   | Noticed an ice dragon
 11545 | Lair:2   | a seven-headed hydra changed into an ice dragon
 11555 | Lair:2   | Killed an ice dragon
 12008 | Lair:2   | Splashed by an oklob plant's acid

Vault maps used:
D:1:      lightli_arrival_chessboard
D:2:      lemuel_crystal_altar, nicolae_qazlal_eye_of_the_storm,
          gammafunk_temple_overflow_pools, first_bread,
          minmay_misc_feat_secret_circle, serial_bayou_pond_e
D:4:      temple_green, elyvilon_altar_5
D:5:      serial_shops, nicolae_shop_overgrown_old_shop, basic_altar
D:6:      nicolae_overflow_crystal_walls, yredelemnul_altar_generic, uniq_edmund
D:7:      minmay_misc_feat_pillars, uniq_pikel, uniq_joseph, uniq_menkaure
D:9:      grunt_temple_overflow_open
D:10:     lair_0_dummy, orc_0_dummy
Temple:   circular_temple_12
Lair:1:   lab_entry_generic, grunt_megastairs_4
Lair:2:   minmay_lair_oklob_chamber

Action                   |  1- 3 |  4- 6 |  7- 9 | 10-12 || total
-------------------------+-------+-------+-------+-------++-------
Melee: Hand axe          |    66 |   146 |   160 |       ||   372
       War axe           |       |       |    89 |   260 ||   349
Invok: Berserk           |       |     1 |    12 |     8 ||    21
       Burn Spellbooks   |       |       |     1 |     3 ||     4
       Brothers in Arms  |       |       |       |     1 ||     1
Evoke: Wand              |       |       |       |     4 ||     4
  Use: Potion            |       |       |     7 |       ||     7
       Scroll            |       |       |       |     3 ||     3
  Eat: Chunk             |       |     8 |    19 |    18 ||    45
       Pizza             |       |     1 |       |     2 ||     3
       Beef jerky        |       |       |     1 |     1 ||     2
       Bread ration      |       |       |     1 |       ||     1
